 Dungeon Crawl Stone Soup version 0.16-a0-3841-g2612308 (console) character file.

202 MrRokkomies the Skirmisher (level 5, 0/34 HPs)
             Began as a Gargoyle Hunter on Jan 30, 2015.
             Was a Follower of Zin.
             Slain by an orc wizard
             ... wielding a +0 dagger
              (2 damage)
             ... on level 3 of the Dungeon.
             The game lasted 00:11:45 (2797 turns).

MrRokkomies the Skirmisher (Gargoyle Hunter)        Turns: 2797, Time: 00:11:46

Health: 0/34       AC: 11    Str: 15    XL:     5   Next: 80%
Magic:  5/5        EV:  9    Int: 12    God:    Zin [*.....]
Gold:   105        SH:  0    Dex: 11    Spells: 0 memorised, 4 levels left

rFire  . . .     SeeInvis .     a - +0 mace
rCold  . . .     Clarity  .     m - +0 scale mail
rNeg   + . .     SustAb   .     (no shield)
rPois  ∞         Gourm    .     (no helmet)
rElec  +         Spirit   .     b - +0 cloak
rCorr  .         Warding  .     (no gloves)
rMut   .         Stasis   .     (no boots)
MR     .....                    (no amulet)
Stlth  ..........               (no ring)
                                (no ring)

@: short of breath, not resistant to hostile enchantments, extremely unstealthy
A: negative energy resistance 1, electricity resistance, unbreathing,
petrification resistance, rot immunity, AC +4
a: Recite, Renounce Religion


You were on level 3 of the Dungeon.
You worshipped Zin.
Zin was aware of your devotion.
You were not hungry.

You visited 1 branch of the dungeon, and saw 3 of its levels.

You collected 116 gold pieces.
You donated 11 gold pieces to Zin.

Inventory:

Hand weapons
 a - a +0 mace (weapon)
Missiles
 c - 2 throwing nets
 e - 75 stones (quivered)
 j - 23 poisoned needles
 l - 4 needles of confusion
 r - 6 javelins
Armour
 b - a +0 cloak (worn)
 m - a +0 scale mail (worn)
Jewellery
 h - a +3 ring of dexterity {unknown}
Scrolls
 q - a scroll of teleportation
 u - a scroll of enchant weapon {unknown}
Potions
 d - a potion of invisibility
 g - a potion of brilliance
 i - a potion of resistance
 n - a potion of haste
 p - a potion of agility
Comestibles
 f - a bread ration
 k - 2 royal jellies
 o - 2 meat rations
 v - a beef jerky


   Skills:
 * Level 4.4 Fighting
 * Level 2.6 Maces & Flails
 - Level 4.0 Throwing
 + Level 2.9 Armour
 - Level 1.5 Dodging
 - Level 1.1 Stealth


You had 4 spell levels left.
You didn't know any spells.

Dungeon Overview and Level Annotations

Branches:
Dungeon (3/15)

Altars:
Ashenzari
Gozag
Sif Muna
Xom
Zin


Innate Abilities, Weirdness & Mutations

You are resistant to torment.
You are immune to poison.
Your stone body is very resilient (AC +4).
You resist negative energy.
You are resistant to electric shocks.
You can survive without breathing.
You are immune to petrification.
You are immune to rotting.


Message History

* * * LOW HITPOINT WARNING * * *
You barely miss something. Something hits you but does no damage.
Something hits you but does no damage.
A kobold comes into view. It is wielding a short sword.
You closely miss something.
The kobold shouts!
Something hits you but does no damage.
The kobold moves out of view.
You closely miss something. Something hits you.
* * * LOW HITPOINT WARNING * * *
Something hits you but does no damage.
You miss something. Something hits you but does no damage.
Something hits you but does no damage.
Drink which item? (? for menu, Esc to quit)
Okay, then.
Unknown command.
Read which item? (? for menu, Esc to quit)
As you read the scroll labeled CANYOXZU TWYR, it crumbles to dust.
You hear a loud clanging noise!
It was a scroll of noise.
Something hits you.
You die...

##.######.......)#
###..# #..#####.#
#...## ...# #..
##...## #.#.# ###
#....####.#.## #
##...........# #
#.#.........# #
#.##........### #.
#@##.........(. ..
#{##..(........ ..
### #w##..?........
..
#.....#o...o......##
...
#............).....#
..
..............##.##
.. ..............#
..# ..#
..........>...# .
.## .............#
#...


You could see a worm and an orc.

Vanquished Creatures
  Crazy Yiuf (D:2)
  Ijyb (D:3)
  5 gnolls (D:2)
  2 adders
  A giant mite (D:1)
  2 worms (D:3)
  2 giant geckos
  2 oozes
  3 orcs (D:3)
  4 giant cockroaches
  4 goblins (D:1)
  6 hobgoblins
  7 kobolds
  A quokka (D:3)
  7 bats
  6 giant newts
  8 jackals
  9 rats
71 creatures vanquished.

Notes
Turn   | Place    | Note
--------------------------------------------------------------
     0 | D:1      | MrRokkomies, the Gargoyle Hunter, began the quest for the Orb.
     0 | D:1      | Reached XP level 1. HP: 12/12 MP: 1/1
    80 | D:1      | Reached XP level 2. HP: 2/18 MP: 2/2
   468 | D:1      | Reached skill level 1 in Armour
   496 | D:1      | Reached skill level 1 in Maces & Flails
   689 | D:1      | Reached XP level 3. HP: 18/22 MP: 3/3
  1250 | D:2      | Found an opulent altar of Gozag.
  1250 | D:2      | Found a deep blue altar of Sif Muna.
  1261 | D:2      | Found a glowing silver altar of Zin.
  1297 | D:2      | Became a worshipper of Zin the Law-Giver
  1320 | D:2      | Reached XP level 4. HP: 13/28 MP: 4/4
  1784 | D:2      | Found a shattered altar of Ashenzari.
  1862 | D:2      | Noticed Crazy Yiuf
  1870 | D:2      | Paralysed by Crazy Yiuf for 2 turns
  1873 | D:2      | Killed Crazy Yiuf
  1873 | D:2      | Reached XP level 5. HP: 27/33 MP: 5/5
  1994 | D:2      | Found a shimmering altar of Xom.
  2001 | D:2      | Acquired Zin's first power
  2341 | D:3      | Noticed Ijyb
  2375 | D:3      | Killed Ijyb
  2795 | D:3      | HP: 1/34 [something (1)]
  2797 | D:3      | Slain by an orc wizard

Action                   |  1- 3 |  4- 6 || total
-------------------------+-------+-------++-------
Melee: Mace              |   125 |   213 ||   338
       Short sword       |     2 |       ||     2
Throw: Javelin           |     6 |     9 ||    15
       Stone             |    13 |     4 ||    17
Invok: Recite            |       |     1 ||     1
  Use: Scroll            |     4 |     3 ||     7
       Potion            |       |     2 ||     2
 Stab: Invisible         |       |     1 ||     1
  Eat: Chunk             |     1 |     2 ||     3
       Bread ration      |       |     1 ||     1
